[Event "Titled Tuesday Blitz May 9 Early 2023"]
[White "Gontcharov, Vladislav"]
[Black "Mayaud, Raphael"]
[WhiteFideId "4123492"]
[BlackFideId "627151"]
[WhiteElo "2420"]
[BlackElo "2191"]
[Result "1-0"]
[Round "01"]
[TimeControl "180+2"]
[Date "2023.05.09"]
[WhiteClock "0:00:31"]
[BlackClock "0:00:04"]

1. e4 d5 2. exd5 Qxd5 3. Nc3 Qa5 4. d4 c6 5. Bc4 Nf6 6. Nf3 Bf5 7. Qe2 e6 8. Bd2 Bb4 9. O-O-O Nbd7 10. Kb1 Bg4 11. h3 Bxf3 12. Qxf3 Qf5 13. Qe2 O-O-O 14. g4 Qa5 15. a3 Bxc3 16. Bxc3 Qc7 17. Bd2 Nb6 18. Bb3 Rxd4 19. Bc3 Rxd1+ 20. Rxd1 Rd8 21. Rxd8+ Qxd8 22. g5 Ne8 23. h4 Nd5 24. Bd4 Nb6 25. Qe3 g6 26. a4 Nd6 27. Bf6 Qd7 28. Qc5 Ne8 29. Qf8 Kc7 30. Be5+ Kd8 31. a5 Nd5 32. c3 Qe7 33. Qh8 Qc5 34. Bd4 Qxa5 35. Qxh7 Qb5 36. Bxd5 Qxd5 37. Qxf7 Qf5+ 38. Qxf5 exf5 39. Kc2 Kd7 40. Bxa7 Ke6 41. Kd3 Nd6 42. f3 Nf7 43. Bb8 Nd8 44. Kd4 b6 45. Bc7 c5+ 46. Kc4 Nb7 47. Kb5 Kd7 48. Kxb6 1-0


[Site "https://www.chess.com"]

[Event "Titled Tuesday Blitz May 9 Early 2023"]
[White "Mike24147"]
[Black "Domingo Nunez, Ruben"]
[BlackFideId "22245570"]
[WhiteElo "2302"]
[BlackElo "2404"]
[Result "0-1"]
[Round "01"]
[TimeControl "180+2"]
[Date "2023.05.09"]
[WhiteClock "0:00:31"]
[BlackClock "0:01:23"]

1. e4 d6 2. d4 Nc6 3. Nc3 e5 4. dxe5 Nxe5 5. Be2 Nf6 6. f4 Ng6 7. Nf3 Be7 8. O-O O-O 9. f5 Ne5 10. Nxe5 dxe5 11. Qe1 Qd4+ 12. Qf2 Bc5 13. Qxd4 Bxd4+ 14. Kh1 Bxc3 15. bxc3 Nxe4 16. Bd3 Nd6 17. f6 g6 18. Bh6 Re8 19. Rae1 Bf5 20. Bxf5 Nxf5 21. Rxf5 gxf5 22. Re3 f4 23. Rh3 Re6 24. Rh4 Rxf6 25. Rg4+ Rg6 0-1


[Site "https://www.chess.com"]

[Event "Titled Tuesday Blitz May 9 Early 2023"]
[White "Filgueira, Hernan"]
[Black "Vifleemskaia, Svetlana"]
[WhiteFideId "101770"]
[BlackFideId "4129490"]
[WhiteElo "2363"]
[BlackElo "1930"]
[Result "1-0"]
[Round "01"]
[TimeControl "180+2"]
[Date "2023.05.09"]
[WhiteClock "0:01:49"]
[BlackClock "0:00:06"]

1. c4 c5 2. g3 Nf6 3. Bg2 d5 4. cxd5 Nxd5 5. Nc3 Nc7 6. Qb3 Nc6 7. Bxc6+ bxc6 8. d3 Nd5 9. Nf3 Bd7 10. Nxd5 cxd5 11. Qxd5 Qc8 12. Be3 e6 13. Qc4 Rb8 14. b3 Rb4 15. Qc3 f6 16. Rc1 Rb6 17. Bxc5 Bxc5 18. Qxc5 Rc6 19. Qxc6 Bxc6 20. Nd4 Qd7 21. Nxc6 O-O 22. O-O h5 23. Rc4 g5 24. Rfc1 a6 25. Rd4 Qb7 26. Rdc4 Rf7 27. Nd8 Qd7 28. Nxf7 Qxf7 29. Rc8+ 1-0


[Site "https://www.chess.com"]

[Event "Titled Tuesday Blitz May 9 Early 2023"]
[White "Maung, Maung Kyaw Zaw Hein"]
[Black "Sahib Singh"]
[WhiteFideId "13001698"]
[BlackFideId "25618342"]
[WhiteElo "2019"]
[BlackElo "1934"]
[Result "0-1"]
[Round "01"]
[TimeControl "180+2"]
[Date "2023.05.09"]
[WhiteClock "0:00:52"]
[BlackClock "0:00:37"]

1. Nf3 d5 2. d4 e6 3. c4 c6 4. Nc3 dxc4 5. a4 Bb4 6. Bf4 Nf6 7. e3 Nd5 8. Qc2 b5 9. axb5 cxb5 10. Bg3 Nc6 11. Be2 O-O 12. O-O Bxc3 13. bxc3 a6 14. Rfd1 Bb7 15. e4 Nf6 16. Bh4 Ne7 17. Bxf6 gxf6 18. h3 Ng6 19. g3 Qc7 20. Nh2 Kg7 21. Bf3 Rfd8 22. h4 h6 23. Qd2 f5 24. exf5 exf5 25. Bxb7 Qxb7 26. Qe2 Re8 27. Qh5 Qd5 28. Re1 Re6 29. g4 Nf4 30. Qxf5 Qg2# 0-1


[Site "https://www.chess.com"]

[Event "Titled Tuesday Blitz May 9 Early 2023"]
[White "Yaniuk, Volodymyr"]
[Black "Goldin, Roman"]
[WhiteFideId "14133083"]
[BlackFideId "2803860"]
[WhiteElo "2141"]
[BlackElo "2312"]
[Result "1-0"]
[Round "01"]
[TimeControl "180+2"]
[Date "2023.05.09"]
[WhiteClock "0:01:28"]
[BlackClock "0:00:00"]

1. d4 Nf6 2. c4 Nc6 3. Nf3 e6 4. a3 d5 5. Nc3 g6 6. Bg5 Bg7 7. e3 O-O 8. Ne5 h6 9. Nxc6 bxc6 10. Bh4 c5 11. cxd5 cxd4 12. exd4 g5 13. Bg3 Nxd5 14. Be2 Bb7 15. O-O c5 16. dxc5 Nxc3 17. bxc3 Rc8 18. Rb1 Ba8 19. Bd6 Re8 20. Bb5 Bc6 21. Bxc6 Rxc6 22. Rb7 Qa8 23. Rd7 a5 24. Qf3 f5 25. Qh5 1-0


[Site "https://www.chess.com"]

[Event "Titled Tuesday Blitz May 9 Early 2023"]
[White "Nastase, Robert-Paul"]
[Black "Omranalhosani21"]
[WhiteFideId "1221175"]
[WhiteElo "2175"]
[BlackElo "2589"]
[Result "0-1"]
[Round "01"]
[TimeControl "180+2"]
[Date "2023.05.09"]
[WhiteClock "0:00:00"]
[BlackClock "0:01:29"]

1. e4 c6 2. d4 d5 3. e5 Bf5 4. h4 h5 5. Bd3 Bxd3 6. Qxd3 e6 7. Bg5 Qa5+ 8. Nd2 Qa6 9. c4 Nd7 10. Ngf3 Bb4 11. O-O Ne7 12. a3 Bxd2 13. Nxd2 Nf5 14. Qc3 f6 15. exf6 gxf6 16. Bf4 Rg8 17. Rfe1 Kf7 18. Qf3 Rg4 19. cxd5 cxd5 20. Bg3 Nxd4 21. Qd1 e5 22. Nf3 Nc5 23. Rc1 Nce6 0-1


[Site "https://www.chess.com"]

[Event "Titled Tuesday Blitz May 9 Early 2023"]
[White "Akash G"]
[Black "Alhadad, Mahmoud"]
[WhiteFideId "5040299"]
[BlackFideId "11501863"]
[WhiteElo "2395"]
[BlackElo "1955"]
[Result "1-0"]
[Round "01"]
[TimeControl "180+2"]
[Date "2023.05.09"]
[WhiteClock "0:00:54"]
[BlackClock "0:00:00"]

1. e4 d5 2. exd5 Nf6 3. d4 Bg4 4. Be2 Bxe2 5. Qxe2 Qxd5 6. Nf3 Nc6 7. O-O O-O-O 8. Be3 e6 9. c4 Qh5 10. Nc3 Bd6 11. h3 e5 12. d5 Ne7 13. Nb5 a6 14. Nxd6+ Rxd6 15. Bc5 e4 16. Bxd6 exf3 17. Qxe7 cxd6 18. Qxd6 fxg2 19. Kxg2 Ne4 20. Qf4 Qg6+ 21. Qg4+ f5 22. Qxg6 hxg6 23. b3 Kd7 24. Rae1 Ng5 25. Rh1 Kd6 26. h4 Ne4 27. f3 Nc3 28. Re6+ Kc5 29. Rxg6 Re8 30. Rxg7 f4 31. h5 Re2+ 32. Kh3 Rf2 33. h6 1-0


[Site "https://www.chess.com"]

[Event "Titled Tuesday Blitz May 9 Early 2023"]
[White "Alahakoon, Isuru"]
[Black "Bruedigam, Martin"]
[WhiteFideId "9900993"]
[BlackFideId "24608033"]
[WhiteElo "1953"]
[BlackElo "2331"]
[Result "1-0"]
[Round "01"]
[TimeControl "180+2"]
[Date "2023.05.09"]
[WhiteClock "0:00:12"]
[BlackClock "0:00:04"]

1. Nf3 d5 2. e3 c5 3. b3 Nc6 4. Bb2 Nf6 5. Bb5 Bd7 6. c4 a6 7. Bxc6 Bxc6 8. cxd5 Nxd5 9. d4 e6 10. O-O Nf6 11. Ne5 Rc8 12. Nd2 cxd4 13. Nxc6 Rxc6 14. Bxd4 Be7 15. Nc4 O-O 16. Ne5 Rc8 17. Qf3 Nd5 18. Rfd1 Qc7 19. e4 Nb4 20. Bb2 Bf6 21. a3 Bxe5 22. Bxe5 Qxe5 23. axb4 Rfd8 24. g3 g6 25. Qe2 h5 26. Rac1 Rxc1 27. Rxc1 Kg7 28. Rc5 Qa1+ 29. Kg2 Rd1 30. e5 Rg1+ 31. Kh3 Qd4 32. Qf3 Rf1 33. Qf6+ Kh6 34. Rc8 Qg4+ 35. Kg2 Qe4+ 36. Kh3 Qg4+ 37. Kg2 Qe4+ 38. Kxf1 Qh1+ 39. Ke2 Qe4+ 40. Kf1 Qh1+ 41. Ke2 Qe4+ 42. Kd2 Qd4+ 43. Kc2 Qe4+ 44. Kb2 Qd4+ 45. Rc3 Qd2+ 46. Rc2 Qd4+ 47. Ka2 Qd7 48. h4 b6 49. Qh8# 1-0


[Site "https://www.chess.com"]

[Event "Titled Tuesday Blitz May 9 Early 2023"]
[White "Maurizzi, Marc`Andria"]
[Black "Rian, Kapriaga"]
[WhiteFideId "36083534"]
[BlackFideId "7103263"]
[WhiteElo "2421"]
[BlackElo "2286"]
[Result "1/2-1/2"]
[Round "01"]
[TimeControl "180+2"]
[Date "2023.05.09"]
[WhiteClock "0:01:00"]
[BlackClock "0:00:10"]

1. e4 c6 2. d4 d5 3. Nc3 dxe4 4. Nxe4 Bf5 5. Ng3 Bg6 6. h4 h6 7. Bd3 Bxd3 8. Qxd3 e6 9. N1e2 Nf6 10. Bd2 Nbd7 11. O-O-O Bd6 12. Ne4 Nxe4 13. Qxe4 Qc7 14. g4 O-O-O 15. Kb1 h5 16. g5 g6 17. Rh3 a6 18. a3 Kb8 19. Rf3 Rhf8 20. Bf4 Nb6 21. Bxd6 Qxd6 22. Re1 Rd7 23. c3 Nd5 24. Nf4 Rc8 25. Nd3 Rdc7 26. c4 Ne7 27. c5 Qd5 28. Rxf7 Nf5 29. Qxd5 exd5 30. Rf6 Rg7 31. Nf4 Nxh4 32. Ree6 Rcg8 33. Ka2 Nf3 34. Rxg6 Rxg6 35. Rxg6 Rxg6 36. Nxg6 Nxg5 37. f4 Nf7 38. Kb1 Nh6 39. Kc2 Nf5 40. Kd3 Kc8 41. Ne5 Kd8 42. Nf3 Ke7 43. Ke2 Kf6 44. Kf2 Ke6 45. Kg2 Kf6 46. Kh3 Ke6 47. b4 Kf6 48. a4 Ke7 49. Kg2 Kd7 50. Kf2 Kc7 51. Ke2 b6 52. a5 bxa5 53. bxa5 Kd7 54. Kd3 Kc7 55. Nd2 Kd7 56. Nf3 Kc7 57. Ne5 Kb7 58. Nf3 Kc7 1/2-1/2


[Site "https://www.chess.com"]

[Event "Titled Tuesday Blitz May 9 Early 2023"]
[White "Barbot, Pierre"]
[Black "Piesik, Piotr"]
[WhiteFideId "663727"]
[BlackFideId "1136194"]
[WhiteElo "2431"]
[BlackElo "2299"]
[Result "0-1"]
[Round "01"]
[TimeControl "180+2"]
[Date "2023.05.09"]
[WhiteClock "0:00:00"]
[BlackClock "0:01:16"]

1. d4 c5 2. d5 e5 3. e4 d6 4. Nc3 Be7 5. g3 Bg5 6. Bg2 Bxc1 7. Qxc1 Ne7 8. Nge2 O-O 9. O-O f5 10. f4 Nd7 11. fxe5 Nxe5 12. Nf4 Rf6 13. Ne6 Bxe6 14. dxe6 Rxe6 15. exf5 Rf6 16. Nd5 Nxd5 17. Bxd5+ Kh8 18. c4 Qd7 19. Be6 Qc6 20. Bd5 Qd7 21. Be6 Qe7 22. Qc2 Raf8 23. Rf4 g5 24. Rff1 g4 25. Rf2 Nf3+ 26. Kh1 Nd4 27. Qe4 Rxe6 0-1


[Site "https://www.chess.com"]

[Event "Titled Tuesday Blitz May 9 Early 2023"]
[White "Ismagilov, Damir"]
[Black "Zaichenko, Daria"]
[WhiteFideId "34199982"]
[BlackFideId "4197453"]
[WhiteElo "2143"]
[BlackElo "2039"]
[Result "1-0"]
[Round "01"]
[TimeControl "180+2"]
[Date "2023.05.09"]
[WhiteClock "0:00:17"]
[BlackClock "0:00:00"]

1. d4 d5 2. c4 e6 3. Nc3 Be7 4. Nf3 Nf6 5. Bg5 O-O 6. e3 Nbd7 7. Qc2 c5 8. cxd5 exd5 9. Bd3 h6 10. Bh4 c4 11. Bf5 Nb6 12. O-O Bd7 13. Ne5 Bxf5 14. Qxf5 Nh7 15. Bxe7 Qxe7 16. a3 Nf6 17. Rfe1 Rfd8 18. Rad1 Nbd7 19. f4 a6 20. e4 dxe4 21. Nxc4 b5 22. Ne5 g6 23. Qh3 Kg7 24. Nc6 Qd6 25. Nxd8 Rxd8 26. Nxe4 Qxf4 27. Qf3 Qc7 28. Rf1 Qb6 29. Kh1 Re8 30. Nc5 Nxc5 31. dxc5 Qe6 32. Rd6 Qf5 33. Rxf6 Qxf3 34. R6xf3 1-0


[Site "https://www.chess.com"]

[Event "Titled Tuesday Blitz May 9 Early 2023"]
[White "Thomas, Anysia"]
[Black "brm72"]
[WhiteFideId "670472"]
[WhiteElo "2091"]
[BlackElo "2582"]
[Result "0-1"]
[Round "01"]
[TimeControl "180+2"]
[Date "2023.05.09"]
[WhiteClock "0:00:05"]
[BlackClock "0:00:05"]

1. d4 Nf6 2. c4 e6 3. Nf3 b6 4. g3 Bb7 5. Bg2 Be7 6. O-O O-O 7. d5 exd5 8. Nh4 c6 9. cxd5 Nxd5 10. Nf5 Nc7 11. Nc3 d5 12. e4 Bf6 13. Re1 d4 14. e5 dxc3 15. Qg4 Ne6 16. exf6 Qxf6 17. bxc3 Nd7 18. Ba3 Rfe8 19. Nd6 Rab8 20. Nxb7 Rxb7 21. Bxc6 Rc7 22. Bb5 Rec8 23. Rad1 Ne5 24. Qe4 Nf3+ 25. Kg2 Nxe1+ 26. Rxe1 h6 27. c4 Nc5 28. Qe3 Ne6 29. Bb4 Qf5 30. Bc3 Ng5 31. f4 Qh3+ 32. Kg1 Ne6 33. Qe5 Rc5 34. Qe3 Rd8 35. Bb4 Rh5 36. Qf2 Nd4 37. Be7 Nf3+ 38. Qxf3 Qxh2+ 39. Kf1 Rd2 40. Bc5 Qh1+ 41. Qxh1 Rxh1+ 42. Bg1 Rxa2 43. Bc6 Rh5 44. Re8+ Kh7 45. Be4+ g6 46. Bd4 Re5 47. Bxe5 f6 48. Rh8+ Kxh8 49. Bxf6+ Kg8 50. Be5 Kf7 51. Bxg6+ Kxg6 52. Kg1 Kf5 53. Bg7 Kg4 54. Bxh6 Kxg3 55. Bg5 Ra1# 0-1


[Site "https://www.chess.com"]

[Event "Titled Tuesday Blitz May 9 Early 2023"]
[White "Ingebretsen, Jens E"]
[Black "Bueno, Alfeu Junior Varela"]
[WhiteFideId "1522965"]
[BlackFideId "2108879"]
[WhiteElo "2213"]
[BlackElo "2175"]
[Result "1-0"]
[Round "01"]
[TimeControl "180+2"]
[Date "2023.05.09"]
[WhiteClock "0:00:34"]
[BlackClock "0:00:00"]

1. d4 e6 2. e3 f5 3. c3 b6 4. Bd3 Bb7 5. f3 Nf6 6. Ne2 Be7 7. O-O O-O 8. b3 d6 9. Nd2 Qe8 10. Bb2 Nbd7 11. Bc4 Nd5 12. Bxd5 Bxd5 13. c4 Bb7 14. Nf4 Bf6 15. Qe2 e5 16. dxe5 Bxe5 17. Bxe5 Qxe5 18. Nd3 Qe7 19. Rae1 Rae8 20. Qf2 Nf6 21. Nf4 Qe5 22. Nb1 Re7 23. Qd2 Rfe8 24. Nc3 Qa5 25. Nd3 c5 26. Nf4 Re5 27. Re2 a6 28. Rfe1 b5 29. Ncd5 Qxd2 30. Rxd2 Nxd5 31. Nxd5 Bxd5 32. Rxd5 Rxd5 33. cxd5 Kf7 34. Kf2 Ra8 35. a4 bxa4 36. bxa4 Rb8 37. Kg3 Rb4 38. Ra1 Kf6 39. f4 h6 40. h4 g5 41. hxg5+ hxg5 42. a5 c4 43. Rh1 gxf4+ 44. exf4 1-0


[Site "https://www.chess.com"]

[Event "Titled Tuesday Blitz May 9 Early 2023"]
[White "Orzech, Dominik"]
[Black "Taboas Rodriguez, Daniel"]
[WhiteFideId "1115065"]
[BlackFideId "2208466"]
[WhiteElo "2260"]
[BlackElo "2365"]
[Result "1-0"]
[Round "01"]
[TimeControl "180+2"]
[Date "2023.05.09"]
[WhiteClock "0:00:45"]
[BlackClock "0:00:00"]

1. d4 Nf6 2. Nf3 g6 3. c4 Bg7 4. g3 b6 5. Bg2 Bb7 6. O-O O-O 7. Qc2 c5 8. d5 b5 9. e4 bxc4 10. Nbd2 d6 11. Re1 Na6 12. a3 Nc7 13. Nxc4 Rb8 14. Bf4 Nh5 15. Bd2 Ba6 16. Na5 Rxb2 17. Qc1 Bd3 18. e5 Rc2 19. Qd1 Nxd5 20. Nc6 Qc7 21. Ba5 Qxc6 22. Qxd3 Rb2 23. exd6 Qxd6 24. Ng5 Nb6 25. Qf3 Bd4 26. Rad1 Nc4 27. Bc3 Rxf2 28. Rxd4 Rxg2+ 29. Kxg2 cxd4 30. Bb4 Qf6 31. Qxf6 Nxf6 32. Rxe7 d3 33. Rxa7 Rd8 34. Nxf7 Rd7 35. Nh6+ Kg7 36. Rxd7+ Nxd7 37. Ng4 d2 38. Nf2 Ne3+ 39. Kf3 d1=Q+ 40. Nxd1 Nxd1 41. Ke2 Nb2 42. Bc3+ Kf7 43. Bxb2 Ke6 44. Kd3 Kd5 45. Bd4 Nb8 46. a4 Nc6 47. Bb6 Ne5+ 48. Kc3 Ng4 49. Bg1 Ne5 50. Kb4 Nf3 51. Kb5 Nxg1 52. a5 Nf3 53. a6 Nd4+ 54. Kb6 Nc6 55. Kb7 g5 56. g4 Kc5 57. h3 Kb5 58. Kc7 Kc5 59. Kb7 1-0


[Site "https://www.chess.com"]

[Event "Titled Tuesday Blitz May 9 Early 2023"]
[White "Nikologorskiy, Konstantin"]
[Black "Jiganchine, Roman"]
[WhiteFideId "24111708"]
[BlackFideId "2603667"]
[WhiteElo "2273"]
[BlackElo "2270"]
[Result "1-0"]
[Round "01"]
[TimeControl "180+2"]
[Date "2023.05.09"]
[WhiteClock "0:01:04"]
[BlackClock "0:00:00"]

1. d4 d5 2. c4 e6 3. Nf3 Nf6 4. g3 Bd6 5. Bg2 O-O 6. O-O h6 7. Nc3 Nc6 8. b3 Re8 9. Bb2 dxc4 10. bxc4 e5 11. d5 Na5 12. Nd2 b6 13. Rc1 Ba6 14. Nb5 Qd7 15. a4 Bc5 16. Qc2 Nb7 17. Nb3 Bb4 18. Rfd1 Nc5 19. d6 c6 20. Nc7 Bb7 21. Nxa8 Bxa8 22. Nxc5 Bxc5 23. Qd3 e4 24. Qb3 Qf5 25. e3 Nd7 26. Bd4 Bb7 27. a5 Re6 28. axb6 axb6 29. Bxc5 Qxc5 30. Ra1 Qe5 31. Ra7 Nc5 32. Qxb6 Rxd6 33. Rxd6 Qxd6 34. Rxb7 Qd1+ 35. Bf1 Nd3 36. Qb1 Qf3 37. Bxd3 1-0


[Site "https://www.chess.com"]

[Event "Titled Tuesday Blitz May 9 Early 2023"]
[White "I_KID_you_not"]
[Black "Kleiman, Jake"]
[BlackFideId "2020041"]
[WhiteElo "2266"]
[BlackElo "2577"]
[Result "0-1"]
[Round "01"]
[TimeControl "180+2"]
[Date "2023.05.09"]
[WhiteClock "0:01:09"]
[BlackClock "0:01:21"]

1. e4 c5 2. Nc3 a6 3. Nge2 e6 4. g3 b5 5. Bg2 Bb7 6. d4 cxd4 7. Nxd4 Qc7 8. O-O Nc6 9. Nxc6 dxc6 10. Bf4 e5 11. Be3 Nf6 12. Qe2 Be7 13. f4 Bd6 14. Rad1 O-O-O 15. a4 Qe7 16. axb5 axb5 17. Bh3+ Kb8 18. Qf2 Bc8 19. Ra1 Bxh3 20. Ba7+ Kc8 21. Qb6 Qb7 22. Qc7+ 0-1


[Site "https://www.chess.com"]

[Event "Titled Tuesday Blitz May 9 Early 2023"]
[White "Hnydiuk, Aleksander"]
[Black "Tsyhanchuk, Stanislav"]
[WhiteFideId "1109057"]
[BlackFideId "13505130"]
[WhiteElo "2374"]
[BlackElo "2173"]
[Result "1-0"]
[Round "01"]
[TimeControl "180+2"]
[Date "2023.05.09"]
[WhiteClock "0:00:45"]
[BlackClock "0:00:13"]

1. Nf3 Nf6 2. c4 e6 3. g3 d5 4. Bg2 d4 5. O-O c5 6. d3 h6 7. b4 cxb4 8. a3 Nc6 9. Bb2 bxa3 10. Nxa3 Bc5 11. Nc2 O-O 12. e3 e5 13. Nxe5 Nxe5 14. exd4 Bg4 15. f3 Nxf3+ 16. Bxf3 Bxf3 17. Qxf3 Qb6 18. Rab1 Be7 19. Kh1 Qc7 20. d5 Rab8 21. Nd4 Nd7 22. Nf5 Bf6 23. Nxh6+ gxh6 24. Bxf6 Nxf6 25. Qxf6 Kh7 26. Rf5 Qd8 27. Qxd8 Rbxd8 28. Rxb7 Kg6 29. Rf2 a5 30. Ra2 Ra8 31. Rb5 Kf6 32. Rbxa5 Rxa5 33. Rxa5 Ke5 34. Kg2 Kd4 35. d6 Rd8 36. Rd5+ Kc3 37. c5 1-0


[Site "https://www.chess.com"]

[Event "Titled Tuesday Blitz May 9 Early 2023"]
[White "Semenenko, Dmytry"]
[Black "Munkhgal, Gombosuren"]
[WhiteFideId "14118645"]
[BlackFideId "4901266"]
[WhiteElo "2113"]
[BlackElo "2528"]
[Result "0-1"]
[Round "01"]
[TimeControl "180+2"]
[Date "2023.05.09"]
[WhiteClock "0:00:44"]
[BlackClock "0:02:03"]

1. Nf3 Nf6 2. c4 g6 3. d4 Bg7 4. Nc3 O-O 5. e3 d6 6. Be2 Nc6 7. O-O e5 8. b3 exd4 9. exd4 d5 10. Bg5 dxc4 11. Bxc4 h6 12. Be3 Bg4 13. Qd2 Bxf3 14. gxf3 Kh7 15. Rad1 Ne7 16. Ne4 Nf5 17. Ng3 Nh4 18. Be2 Nd5 19. f4 Re8 20. f5 Qe7 21. fxg6+ fxg6 22. Rfe1 Qe6 23. Kh1 Qc6 24. Rc1 Nc3+ 25. f3 Nxf3 26. Bxf3 Qxf3+ 27. Kg1 Nd5 28. Bf2 Nf4 29. Be3 Nh3# 0-1


[Site "https://www.chess.com"]

[Event "Titled Tuesday Blitz May 9 Early 2023"]
[White "Rodriguez Santiago, Jaime"]
[Black "Janaszak, Dawid"]
[WhiteFideId "3100898"]
[BlackFideId "1119206"]
[WhiteElo "2025"]
[BlackElo "2220"]
[Result "0-1"]
[Round "01"]
[TimeControl "180+2"]
[Date "2023.05.09"]
[WhiteClock "0:00:14"]
[BlackClock "0:00:51"]

1. c4 e6 2. Nf3 d5 3. g3 c5 4. Bg2 Nc6 5. O-O Nf6 6. b3 Be7 7. Bb2 d4 8. d3 O-O 9. e3 e5 10. exd4 exd4 11. Na3 Bf5 12. Nc2 a5 13. a3 Qb6 14. Nce1 a4 15. b4 cxb4 16. axb4 Bxb4 17. Nc2 Bc5 18. Ba3 Bxa3 19. Rxa3 Rfe8 20. Qa1 Rad8 21. Rb1 Qc7 22. Rxa4 Bxd3 23. Rb2 Be4 24. Nb4 Ne5 25. Nxe5 Qxe5 26. Bxe4 Qxe4 27. Rd2 Ng4 28. Qd1 Ne5 29. Ra3 d3 30. Nd5 Nf3+ 0-1


[Site "https://www.chess.com"]

[Event "Titled Tuesday Blitz May 9 Early 2023"]
[White "Pajeken, Jakob Leon"]
[Black "Benmesbah, Natacha"]
[WhiteFideId "12942839"]
[BlackFideId "642002"]
[WhiteElo "2405"]
[BlackElo "2263"]
[Result "1-0"]
[Round "01"]
[TimeControl "180+2"]
[Date "2023.05.09"]
[WhiteClock "0:01:14"]
[BlackClock "0:00:05"]

1. d4 Nf6 2. Nf3 d6 3. c4 g6 4. Nc3 Bg7 5. g3 Bf5 6. Bg2 Ne4 7. Nh4 Nxc3 8. bxc3 Bc8 9. O-O c6 10. e4 O-O 11. Rb1 Nd7 12. f4 e5 13. fxe5 dxe5 14. Nf3 Qe7 15. Re1 Nb6 16. Qb3 Be6 17. Ba3 Qc7 18. d5 Bg4 19. Bxf8 Rxf8 20. c5 Nd7 21. Qxb7 Qxb7 22. Rxb7 Nxc5 23. Rxa7 cxd5 24. exd5 e4 25. Nd4 Re8 26. h3 Bf5 27. g4 Bc8 28. Rc7 Nd3 29. Rxe4 1-0


[Site "https://www.chess.com"]

[Event "Titled Tuesday Blitz May 9 Early 2023"]
[White "Reprintsev, Alexander"]
[Black "Wessendorf, Thomas, Dr."]
[WhiteFideId "14100541"]
[BlackFideId "4604270"]
[WhiteElo "2218"]
[BlackElo "2280"]
[Result "1-0"]
[Round "01"]
[TimeControl "180+2"]
[Date "2023.05.09"]
[WhiteClock "0:01:35"]
[BlackClock "0:00:00"]

1. e4 c5 2. b3 Nc6 3. Bb2 d6 4. Bb5 Nf6 5. d3 e5 6. Ne2 Be7 7. O-O O-O 8. Bxc6 bxc6 9. f4 Ng4 10. Qd2 exf4 11. Nxf4 Bg5 12. h3 Ne5 13. Qf2 a5 14. a4 Rb8 15. Nd2 Ng6 16. Nxg6 hxg6 17. Nc4 Be6 18. Bc3 Bxc4 19. dxc4 Qe7 20. Rae1 Ra8 21. Re2 Bh4 22. g3 Bg5 23. h4 Bh6 24. g4 f6 25. Rd1 Rfe8 26. Qe1 Bf4 27. Bxa5 f5 28. Bd2 Bxd2 29. Rexd2 fxe4 30. Rxd6 Qe5 31. Kg2 e3 32. Qg3 Qe4+ 33. Qf3 Qxc2+ 34. Kg3 e2 35. Re1 Qe4 36. Qxe4 Rxe4 37. Kf3 Rae8 38. Rxc6 Re3+ 39. Kf2 R3e4 40. Rxg6 Rf4+ 41. Kg2 Rd4 42. Rg5 Rd3 43. Rxc5 Rxb3 44. a5 Ra3 45. Kf2 1-0


[Site "https://www.chess.com"]

[Event "Titled Tuesday Blitz May 9 Early 2023"]
[White "Levitan, Caleb Levi"]
[Black "SashaKuzhilniy"]
[WhiteFideId "14332620"]
[WhiteElo "1963"]
[BlackElo "2573"]
[Result "0-1"]
[Round "01"]
[TimeControl "180+2"]
[Date "2023.05.09"]
[WhiteClock "0:00:44"]
[BlackClock "0:00:47"]

1. e4 d5 2. exd5 Qxd5 3. Nc3 Qe5+ 4. Be2 Bg4 5. h3 Bxe2 6. Qxe2 Qxe2+ 7. Ngxe2 Nf6 8. d4 Nc6 9. Bf4 O-O-O 10. O-O-O e6 11. Nb5 Nd5 12. Bh2 a6 13. Nbc3 Nxc3 14. bxc3 Ba3+ 15. Kb1 Na5 16. Nf4 Nc4 17. Nd3 Rd5 18. Ka1 Rhd8 19. Rb1 Ra5 20. Rb3 Nd2 21. Be5 Nxb3+ 22. cxb3 f6 23. Bg3 Bd6 24. Re1 Bxg3 25. fxg3 e5 26. b4 Rad5 27. Nc5 b6 28. Ne6 R8d7 29. c4 Rxd4 30. Nxd4 Rxd4 31. Rc1 Rd2 32. c5 b5 33. Rc3 Kd7 34. g4 Kc6 35. g3 Rh2 36. h4 Rd2 37. Kb1 Rd4 38. a3 Rxg4 39. Rd3 Rd4 40. Re3 e4 41. Kc2 f5 42. Kc3 Rd3+ 43. Rxd3 exd3 44. Kxd3 Kd5 45. Ke3 Ke5 46. Kf3 g6 47. g4 fxg4+ 48. Kxg4 h6 49. Kg3 Kd4 50. Kf4 c6 51. Kg4 Kc4 52. Kf4 Kb3 53. Ke5 g5 54. hxg5 hxg5 55. Kf5 Kxa3 56. Kxg5 Kxb4 57. Kf5 Kxc5 58. Ke4 Kc4 0-1


[Site "https://www.chess.com"]

[Event "Titled Tuesday Blitz May 9 Early 2023"]
[White "Brunner, Nicolas"]
[Black "Garrido, Denis"]
[WhiteFideId "620246"]
[BlackFideId "601217"]
[WhiteElo "2327"]
[BlackElo "2252"]
[Result "1-0"]
[Round "01"]
[TimeControl "180+2"]
[Date "2023.05.09"]
[WhiteClock "0:00:14"]
[BlackClock "0:00:12"]

1. Nf3 Nf6 2. g3 d5 3. Bg2 c6 4. O-O Bf5 5. d3 h6 6. Nbd2 e6 7. Qe1 Be7 8. e4 Bh7 9. b3 O-O 10. Bb2 a5 11. a3 a4 12. b4 c5 13. c3 dxe4 14. dxe4 Qd3 15. Ne5 Qc2 16. Qc1 Qxc1 17. Raxc1 Rd8 18. Rfd1 Nbd7 19. Nec4 Rac8 20. f3 b5 21. Na5 Ne5 22. Nf1 Nd3 23. Rb1 Nxb2 24. Rxd8+ Rxd8 25. Rxb2 cxb4 26. cxb4 Rd3 27. Nc6 Bf8 28. Na7 Rxa3 29. Nxb5 Rb3 30. Ra2 Rxb4 31. Nc3 Bc5+ 32. Kh1 Bg6 33. Rxa4 Rxa4 34. Nxa4 Bd4 35. Nd2 e5 36. Nb3 Ba7 37. Nc3 Nd7 38. Nd5 Nc5 39. Nxc5 Bxc5 40. Bh3 f6 41. Be6+ Bf7 42. Bxf7+ Kxf7 43. g4 Ke6 44. Kg2 g6 45. Nc3 f5 46. exf5+ gxf5 47. gxf5+ Kxf5 48. Ne4 Bd4 49. Nd6+ Ke6 50. Ne4 Kf5 51. Kg3 Bb2 52. Nd6+ Ke6 53. Nc4 Bd4 54. Kg4 Kf6 55. Kh5 Kg7 56. Nd6 Kh7 57. Nf5 Bg1 58. h4 Bf2 59. Nd6 Kg7 60. Ne4 Be3 61. Ng3 Bf4 62. Nf5+ Kh7 63. Nd6 Kg7 64. Ne4 Kh7 65. Kg4 Kg6 66. h5+ Kg7 67. Kf5 Kf7 68. Nd6+ Ke7 69. Nc4 Kf7 70. Nxe5+ Bxe5 71. Kxe5 Ke7 72. Kf5 Kf7 73. f4 Ke7 74. Kg6 Ke6 75. Kxh6 Kf6 76. Kh7 Kf7 77. h6 Kf8 78. Kg6 Kg8 79. f5 Kh8 80. Kf7 Kh7 81. f6 Kxh6 82. Ke7 1-0


[Site "https://www.chess.com"]

[Event "Titled Tuesday Blitz May 9 Early 2023"]
[White "Escanor89"]
[Black "Delorme, Alban"]
[BlackFideId "623636"]
[WhiteElo "2570"]
[BlackElo "2196"]
[Result "0-1"]
[Round "01"]
[TimeControl "180+2"]
[Date "2023.05.09"]
[WhiteClock "0:00:11"]
[BlackClock "0:00:12"]

1. e4 c5 2. Nf3 d6 3. Bb5+ Bd7 4. a4 Nf6 5. Nc3 a6 6. Bc4 g6 7. e5 dxe5 8. Nxe5 e6 9. d3 Bg7 10. O-O Nc6 11. Nxc6 Bxc6 12. a5 O-O 13. Bd2 Nd5 14. Re1 Nxc3 15. Bxc3 Bxc3 16. bxc3 Bd5 17. Qg4 h5 18. Qf4 Bxc4 19. Qxc4 Qf6 20. Rab1 Rab8 21. Rb6 Rfc8 22. h4 Kg7 23. Reb1 Rc7 24. Rxa6 bxa6 25. Rxb8 Qe5 26. Rb6 Qe1+ 27. Kh2 Qxf2 28. Qe4 Rd7 29. Qe5+ Kh7 30. Rb8 Qxh4+ 31. Kg1 Rd8 32. Rxd8 Qxd8 33. Qxc5 Qh4 34. Qf2 Qa4 35. Qxf7+ Kh6 36. Qxe6 Qa1+ 37. Kh2 Qxc3 38. Qe3+ Kh7 39. Qe7+ Kh6 40. Qe2 Qxa5 41. d4 Qc7+ 42. Kh1 h4 43. c4 a5 44. c5 a4 45. Qe3+ g5 46. d5 a3 47. Qxa3 Qe5 48. Qa6+ Kh5 49. Qd3 g4 50. c6 Qe1+ 51. Kh2 g3+ 0-1


[Site "https://www.chess.com"]